 Dungeon Crawl Stone Soup version 0.20.1-1-g8b1a95d66d (webtiles) character file.

63 Gargoyl the Skirmisher (level 3, -6/31 HPs)
             Began as a Centaur Abyssal Knight on Dec 11, 2017.
             Was a Follower of Lugonu.
             Mangled by a gnoll
             ... wielding a +0 whip
              (9 damage)
             ... on level 2 of the Dungeon.
             The game lasted 00:03:22 (1960 turns).

Gargoyl the Skirmisher (Centaur Abyssal Knight)     Turns: 1960, Time: 00:03:22

Health: -6/31      AC:  4    Str: 14    XL:     3   Next: 87%
Magic:  4/4        EV:  9    Int: 11    God:    Lugonu [*.....]
Gold:   103        SH:  2    Dex:  9    Spells: 2/2 levels left

rFire    . . .     SeeInvis .   g - +0 hand axe (flame)
rCold    . . .     Gourm    .   (no shield)
rNeg     . . .     Faith    .   b - +0 leather armour
rPois    .         Spirit   .   (no helmet)
rElec    .         Reflect  +   j - scarf {repulsion}
rCorr    .         Harm     .   (no gloves)
MR       .....                  (no barding)
Stlth    ..........             d - +2 amulet of reflection
Regen    0.1/turn               (no ring)
MPRegen  0.1/turn               (no ring)

@: repel missiles, very quick
A: hooves 3, deformed body, speed 2, tough skin 3
a: Depart the Abyss, Renounce Religion


You were on level 2 of the Dungeon.
You worshipped Lugonu.
Lugonu was aware of your devotion.
You were not hungry.

You visited 1 branch of the dungeon, and saw 2 of its levels.
You visited the Abyss 1 time.

You collected 103 gold pieces.

Inventory:

Hand Weapons
 a - a +1 hand axe
 g - a +0 hand axe of flaming (weapon)
Armour
 b - a +0 leather armour (worn)
 j - a scarf of repulsion (worn)
Jewellery
 d - a +2 amulet of reflection (around neck)
 k - an uncursed ring of protection from magic {unknown}
Scrolls
 e - a scroll of fear {unknown}
 h - a scroll of magic mapping {unknown}
 i - a scroll of amnesia {unknown}
 l - a scroll of identify {unknown}
Comestibles
 c - a bread ration
 f - 3 chunks of flesh


   Skills:
 + Level 3.4 Fighting
 + Level 2.3 Axes
 * Level 2.3 Armour
 + Level 0.8 Dodging
 * Level 2.3 Invocations


You had 2 spell levels left.
You didn't know any spells.

Dungeon Overview and Level Annotations

Branches:
Dungeon (2/15)

Altars:


Innate Abilities, Weirdness & Mutations

You have hooves in place of feet.
Armour fits poorly on your strangely shaped body.
You cover ground very quickly.
You have extremely tough skin. (AC +3)


Message History

The gnoll hits you with a whip.
You hit the gnoll. You burn the gnoll.
You kill the gnoll!
Lugonu accepts your kill.
You hit the gnoll but do no damage.
The gnoll hits you from afar with a spear.
The gnoll barely misses you.
Unknown command.
The gnoll hits you with a spear!
* * * LOW HITPOINT WARNING * * *
You barely miss the gnoll. You block the gnoll's attack.
The gnoll hits you with a whip.
* * * LOW HITPOINT WARNING * * *
Unknown command.
You hit the gnoll. You burn the gnoll.
The gnoll is moderately wounded.
You hit the gnoll but do no damage. The gnoll hits you with a spear.
* * * LOW HITPOINT WARNING * * *
The gnoll hits you with a whip!
You die...

#.#....#.#
##.......######.#
###(#.##.#.#
#........>.....#
....#..#.#.#
#>.....#########
########.#.# #.....)#
#......#.####......#
#......#..<........#
#......#...........#
#......#.....)g....#
#......#...)..@....#
#......#......g....#
###...(..#...........#
...÷.....#.......##'#<..
.÷<......####.(..##.#.##
......#### ##'### .#..
......# #. .# # ......#
#. ......#


You could see 2 gnolls.

Vanquished Creatures
  A gnoll (D:2)
  An adder (D:2)
  A dart slug (D:1)
  3 giant cockroaches (D:1)
  6 goblins
  6 hobgoblins (D:1)
  2 jackals (D:1)
  3 kobolds
  A quokka (D:2)
  A ball python (D:1)
  5 bats
  3 frilled lizards
  9 rats
42 creatures vanquished.

Notes
Turn   | Place    | Note
-------+----------+-------------------------------------------
     0 | Abyss:1  | Gargoyl the Centaur Abyssal Knight began the quest for the Orb.
     0 | Abyss:1  | Reached XP level 1. HP: 19/19 MP: 2/2
    52 | Abyss:1  | Noticed an iron imp
    74 | Abyss:1  | Noticed a ynoxinul
    76 | D:1      | Escaped the Abyss
   329 | D:1      | Reached XP level 2. HP: 26/26 MP: 3/3
  1166 | D:1      | Reached * piety under Lugonu
  1260 | D:1      | Reached XP level 3. HP: 18/31 MP: 4/4
  1960 | D:2      | Mangled by a gnoll

Skill      XL: |  1  2  3 |
---------------+----------+-----
Axes           | 2 |  2.3
Armour         | 2 |  2.3
Fighting       | |  3.4
Dodging        | |  0.8
Invocations    | |  2.3

Action                   || total
-------------------------++-------
Melee: Hand axe          ||    94
       Kick              ||    10
Invok: Depart the Abyss  ||     1
  Use: Scroll            ||     2
  Eat: Chunk             ||     2
Armor: Leather armour    ||    45
Dodge: Dodged            ||    52
       Deflected         ||     2
Block: Other             ||     8
       Reflection        ||     1
